 Dungeon Crawl Stone Soup version 0.28.0-43-g3370ac3207 (webtiles) character file.

Game seed: 3138822281512915682

88 Gabide the Charlatan (level 4, -5/33 HPs)
             Began as a Human Artificer on Mar 23, 2022.
             Splashed by a jelly's acid (9 damage)
             ... on level 3 of the Dungeon.
             The game lasted 00:08:30 (5333 turns).

Gabide the Charlatan (Human Artificer)              Turns: 5333, Time: 00:08:30

Health: -5/33      AC: -1    Str: 15    XL:     4   Next: 82%
Magic:  4/4        EV: 12    Int: 11    God:
Gold:   71         SH:  0    Dex: 15    Spells: 3/3 levels left

rFire   . . .      SeeInvis .   c - +0 mace
rCold   . . .      Faith    .   (no shield)
rNeg    . . .      Spirit   .   g - +0 robe of Saullary {Rampage Str+2}
rPois   .          Reflect  .   (no helmet)
rElec   .          Harm     .   (no cloak)
rCorr   .          Rampage  +   (no gloves)
Will    .....                   (no boots)
Stlth   ++........              (no amulet)
HPRegen 0.11/turn               (no ring)
MPRegen 0.09/turn               (no ring)

@: corroded
A: no striking features
a: no special abilities


You were on level 3 of the Dungeon.
You visited 1 branch of the dungeon, and saw 3 of its levels.

You collected 71 gold pieces.

Inventory:

Hand Weapons
 c - a +0 mace (weapon)
Armour
 b - a +0 leather armour
 g - the +0 robe of Saullary (worn) {Rampage Str+2}
   (You found it on level 2 of the Dungeon)

   Str:       It affects your strength (+2).
   Rampage:   It bestows one free step when moving towards enemies.
Wands
 d - a wand of charming (9)
 h - a wand of iceblast (9)
Scrolls
 f - a scroll of teleportation
Potions
 a - a potion of flight {unknown}
Miscellaneous
 e - a piece from Xom's chessboard (12/15)


   Skills:
 * Level 1.7 Fighting
 * Level 1.3 Maces & Flails
 + Level 2.2 Armour
 * Level 1.9 Dodging
 + Level 1.7 Stealth
 * Level 3.8 Evocations


You had 3 spell levels left.
You didn't know any spells.
Your spell library contained the following spells:

 Spells                   Type           Power      Damage    Failure   Level
 Animate Skeleton         Necr           0%         N/A       34%         1
 Sublimation of Blood     Necr           0%         N/A       47%         2
 Vampiric Draining        Necr           0%         2d6       71%         3
 Agony                    Necr           0%         N/A       100%        5


Dungeon Overview and Level Annotations

Branches:
Dungeon (3/15)

Altars:
Kikubaaqudgha
Yredelemnul


Message History

No target in view!
No target in view!
No target in view!
You now have 71 gold pieces (gained 10).
A jelly comes into view.
A jelly is nearby!
A jelly is nearby!
A jelly is nearby!
You rampage towards the jelly!
You rampage towards the jelly!
You make a move on Xom's chessboard...
The jelly quivers.
The jelly flickers and vanishes!
Deactivating autopickup; reactivate with Ctrl-A.
Found a basalt altar of Yredelemnul.
A jelly appears from thin air!
Reactivating autopickup.
The jelly jiggles.
The jelly jiggles.
There is a stone staircase leading up here.
You climb upwards.
There is a stone staircase leading down here.
You start waiting.
You start waiting.
Done waiting.
You climb downwards.
The jelly hits you.
You are splashed with acid.
There is a stone staircase leading up here.
You can't go down here!
You make a move on Xom's chessboard...
The jelly flickers and vanishes!
Deactivating autopickup; reactivate with Ctrl-A.
Something hits you. The acid corrodes you!
You are splashed with acid.
Something hits you.
You are splashed with acid!
You are too injured to fight recklessly!
You are too injured to fight recklessly!
You hit something.
Your hands burn!
* * * LOW HITPOINT WARNING * * *
Something hits you.
* * * LOW HITPOINT WARNING * * *
You are splashed with acid!
You die...

# ############# #
########...........# #
##.............####.#
##########......@..####.#
#.# ...................#
#.# #.#
########...........# #.#
#.#### # #...........# #.#
#.....
#.........#.####.####.####
##.......#............####
##<......................
#....#..P.P..######.#.##
.....#.###.._...# #.#.##


There were no monsters in sight!

Vanquished Creatures
  4 adders
  2 worms (D:2)
  3 ball pythons
  3 bats
  4 endoplasms
  A giant cockroach (D:1)
  4 goblins
  2 hobgoblins
  6 kobolds
  A quokka (D:1)
  2 frilled lizards
  A rat (D:3)
33 creatures vanquished.

Vanquished Creatures (collateral kills)
  An adder (D:2)
  A worm (D:2)
  A bat (D:2)
3 creatures vanquished.

Grand Total: 36 creatures vanquished

Notes
Turn   | Place    | Note
-------+----------+-------------------------------------------
     0 | D:1      | Gabide the Human Artificer began the quest for the Orb.
     0 | D:1      | Reached XP level 1. HP: 15/15 MP: 1/1
   301 | D:1      | Reached XP level 2. HP: 12/21 MP: 2/2
  1541 | D:2      | Identified the +0 robe of Saullary {Rampage Str+2}
  1571 | D:1      | Reached XP level 3. HP: 6/26 MP: 3/3
  2893 | D:2      | Reached XP level 4. HP: 6/32 MP: 4/4
  3406 | D:2      | Reached skill level 1 in Maces & Flails
  4968 | D:3      | Found a faded altar of an unknown god.
  4986 | D:3      | Prayed at the altar of an unknown god.
  4986 | D:3      | Became a worshipper of Kikubaaqudgha
  4986 | D:3      | Reached * piety under Kikubaaqudgha
  4986 | D:3      | Received a gift from Kikubaaqudgha
  4988 | D:3      | Fell from the grace of Kikubaaqudgha
  5115 | D:3      | Found a basalt altar of Yredelemnul.
  5333 | D:3      | Splashed by a jelly's acid

Illustrated notes

Levels and vault maps discovered:
D:1:      scummos_arrival_simple_fountains, layout_basic
D:2:      layout_basic
D:3:      layout_loops_ring, yredelemnul_altar_generic, lemuel_tele_altar,
          ebering_ecumenical_altar_box

Skill      XL: |  1  2  3  4 |
---------------+-------------+-----
Maces & Flails | 1 |  1.3
Fighting       | |  1.7
Armour         | |  2.2
Dodging        | |  1.9
Stealth        | |  1.7
Evocations     | |  3.8

Action                   |  1- 3 |  4- 6 || total
-------------------------+-------+-------++-------
Melee: Club              |   104 |    40 ||   144
       Punch             |     1 |     1 ||     2
       Mace              |       |     7 ||     7
Invok: Renounce Religion |       |     1 ||     1
Evoke: Wand              |    20 |     1 ||    21
       Piece from Xom's  |     1 |     4 ||     5
  Use: Scroll            |     1 |       ||     1
 Stab: Sleeping          |     3 |     2 ||     5
       Petrified         |    12 |       ||    12
       Confused          |       |     1 ||     1
Armor: Leather armour    |    15 |       ||    15
       Robe              |    19 |     5 ||    24
Dodge: Dodged            |   113 |    31 ||   144
